 Dungeon Crawl Stone Soup version 0.28-a0-662-g1651b1f1e0 (webtiles) character file.

Game seed: 1399473192321182951

102 jasper the Skirmisher (level 4, -3/35 HPs)
             Began as a Mummy Fighter on Oct 15, 2021.
             Slain by an ogre (8 damage)
             ... on level 3 of the Dungeon.
             The game lasted 00:03:16 (2359 turns).

jasper the Skirmisher (Mummy Fighter)               Turns: 2359, Time: 00:03:17

Health: -3/35      AC: 11    Str: 20    XL:     4   Next: 49%
Magic:  4/4        EV:  5    Int:  7    God:
Gold:   66         SH:  9    Dex: 17    Spells: 3/3 levels left

rFire   x . .      SeeInvis .   j - +0 whip (drain)
rCold   + . .      Faith    .   g - +0 kite shield
rNeg    + + +      Spirit   .   h - +0 chain mail
rPois   ∞          Reflect  .   (no helmet)
rElec   .          Harm     .   (no cloak)
rCorr   .          Rampage  .   e - +0 pair of gloves
Will    .....                   l - +0 pair of boots
Stlth   ..........              (no amulet)
HPRegen 0.11/turn               f - +6 ring of dexterity
MPRegen 0.09/turn               (no ring)

@: no status effects
A: cold resistance 1, negative energy resistance 3, torment resistance 2, heat
vulnerability 1, no potions
a: no special abilities


You were on level 3 of the Dungeon.
You visited 1 branch of the dungeon, and saw 3 of its levels.

You collected 66 gold pieces.

Inventory:

Hand Weapons
 a - a +0 flail
 j - a +0 whip of draining (weapon)
Missiles
 d - 83 stones
 i - 10 poisoned darts (quivered)
Armour
 b - a +0 scale mail
 c - a +0 buckler
 e - a +0 pair of gloves (worn)
 g - a +0 kite shield (worn)
 h - a +0 chain mail (worn)
 l - a +0 pair of boots (worn)
Jewellery
 f - a +6 ring of dexterity (left hand)
Scrolls
 k - a scroll of enchant weapon {unknown}


   Skills:
 + Level 3.4 Fighting
 * Level 2.6 Maces & Flails
 + Level 2.9 Armour
 + Level 1.0 Dodging
 + Level 2.9 Shields


You had 3 spell levels left.
You didn't know any spells.
Your spell library was empty.

Dungeon Overview and Level Annotations

Branches:
Dungeon (3/15)

Altars:


Innate Abilities, Weirdness & Mutations

You are immune to poison.
Your flesh is cold resistant. (rC+)
You are immune to negative energy. (rN+++)
You are immune to unholy pain and torment.
You are vulnerable to heat. (rF-)
You do not drink.


Message History

The ogre is poisoned.
Throw: 13 darts (poison)
Press: ? - help, Q - select action, (/) - cycle Shift-Dir - straight line, f/p - ogre
Aim: an ogre, wielding a +0 giant club (lightly wounded, poisoned, 74% to hit)
You throw a poisoned dart. The poisoned dart hits the ogre.
The ogre looks even sicker.
The ogre is lightly wounded.
Throw: 12 darts (poison)
Press: ? - help, Q - select action, (/) - cycle Shift-Dir - straight line, f/p - ogre
Aim: an ogre, wielding a +0 giant club (lightly wounded, very poisoned, 74% to hit)
You throw a poisoned dart.
The poisoned dart barely misses the ogre.
You block the ogre's attack.
You hit the ogre but do no damage.
The ogre is moderately wounded.
You block the ogre's attack.
You completely miss the ogre.
The ogre is moderately wounded.
You block the ogre's attack.
You closely miss the ogre.
The ogre is moderately wounded.
The ogre hits you with a +0 giant club!
You take 11 damage, and have 24/35 hp.
MASSIVE DAMAGE!!
You hit the ogre but do no damage.
The ogre is heavily wounded.
The ogre hits you with a +0 giant club!!
Ouch! That really hurt!
* * * LOW HITPOINT WARNING * * *
You take 19 damage, and have 5/35 hp.
MASSIVE DAMAGE!!
You aren't carrying any items that you can evoke.
Unknown command.
Okay, then.
Throw: 11 darts (poison)
Press: ? - help, Q - select action, (/) - cycle Shift-Dir - straight line, f/p - ogre
Aim: an ogre, wielding a +0 giant club (heavily wounded, poisoned, 73% to hit)
You throw a poisoned dart. The poisoned dart hits the ogre.
The ogre looks even sicker.
The ogre is heavily wounded.
The ogre hits you with a +0 giant club!
You die...

### #.# #.# #.#
######## #.#
#..@O(.#####.. #.#
#.####...((..( #.#
#.# ###......
###.#####.# ##.###..
####.........# #.. #
..............###..#
..............#...#
................##
.>
.................#
###.##


You could see an ogre (very poisoned).

Vanquished Creatures
  An orc wizard (D:3)
  Terence (D:2)
  2 orcs (D:3)
  6 endoplasms
  5 giant cockroaches
  3 goblins (D:1)
  A hobgoblin (D:1)
  4 jackals (D:2)
  2 kobolds (D:1)
  4 quokkas
  3 ball pythons
  6 bats (D:1)
  2 frilled lizards (D:1)
  7 rats
47 creatures vanquished.

Notes
Turn   | Place    | Note
-------+----------+-------------------------------------------
     0 | D:1      | jasper the Mummy Fighter began the quest for the Orb.
     0 | D:1      | Reached XP level 1. HP: 18/18 MP: 1/1
   366 | D:1      | Reached XP level 2. HP: 22/24 MP: 2/2
  1082 | D:1      | Reached XP level 3. HP: 29/29 MP: 3/3
  1472 | D:2      | Found a faded altar of an unknown god.
  1648 | D:2      | Noticed Terence
  1670 | D:2      | Killed Terence
  1671 | D:2      | Reached XP level 4. HP: 16/35 MP: 4/4
  2018 | D:3      | Noticed an ogre
  2024 | D:3      | Reached skill level 1 in Dodging
  2359 | D:3      | Slain by an ogre

Illustrated notes

Levels and vault maps discovered:
D:1:      dpeg_arrival_subterranean_lakeside_camping, layout_loops_corners,
          skrybe_limestone_x
D:2:      layout_rooms, shapermc_ecumenical_altar_pompeii, uniq_terence
D:3:      layout_rooms, hangedman_decor_points, uniq_sigmund

Skill      XL: |  1  2  3  4 |
---------------+-------------+-----
Maces & Flails | 2 |  2.6
Dodging        | 1 |  1.0
Fighting       | |  3.4
Armour         | |  2.9
Shields        | |  2.9

Action                   |  1- 3 |  4- 6 || total
-------------------------+-------+-------++-------
Melee: Flail             |    35 |       ||    35
       Whip              |    77 |    34 ||   111
Throw: Stone             |     7 |       ||     7
       Dart              |    11 |     7 ||    18
  Use: Scroll            |     3 |       ||     3
Armor: Scale mail        |    35 |       ||    35
       Chain mail        |    19 |    10 ||    29
Dodge: Dodged            |    30 |     6 ||    36
Block: Kite shield       |    30 |    12 ||    42

Table legend: (Time is in decaauts)
 A = Elapsed time spent in this place.
 B = Non-inter-level travel time spent in this place.
 C = Inter-level travel time spent in this place.
 D = Time resting spent in this place.
 E = Time spent auto-exploring this place.
 F = Levels seen in this place.
 G = Mean time per level.
                   A        B        C        D        E       F      G
               +--------+--------+--------+--------+--------+-----+--------+
         Total |   2418 |   2305 |    113 |    472 |   1327 |   3 |  806.0 |
       Dungeon |   2418 |   2305 |    113 |    472 |   1327 |   3 |  806.0 |
               +--------+--------+--------+--------+--------+-----+--------+

Top non-repeatable levels by time:
     D:1: 1334 daAuts
     D:2: 929 daAuts
     D:3: 153 daAuts
